 Dungeon Crawl Stone Soup version 0.28-a0-514-g0d7ab7f379 (webtiles) character file.

Game seed: 14368826259223869771

3755 siradein the Quickloader (level 9, -8/85 HPs)
             Began as a Minotaur Hunter on Sept 23, 2021.
             Killed by divine providence
             ... invoked by an orc priest
              (16 damage)
             ... on level 8 of the Dungeon.
             The game lasted 00:30:44 (12893 turns).

siradein the Quickloader (Minotaur Hunter)         Turns: 12893, Time: 00:30:44

Health: -8/85      AC: 11    Str: 19    XL:     9   Next: 94%
Magic:  8/8        EV:  9    Int:  8    God:
Gold:   362        SH:  5    Dex: 18    Spells: 8/8 levels left

rFire   + . .      SeeInvis .   y - +5 halberd
rCold   + . .      Faith    .   (shield currently unavailable)
rNeg    . . .      Spirit   .   D - +0 chain mail {rPois}
rPois   +          Reflect  +   (helmet restricted)
rElec   .          Harm     .   c - scarf {rC+ rF+}
rCorr   .          Rampage  .   (no gloves)
Will    .....                   (no boots)
Stlth   ..........              E - amulet of reflection
HPRegen 0.24/turn               m - +6 ring of dexterity
MPRegen 0.11/turn               (no ring)

@: no status effects
A: horns 2, retaliatory headbutt
a: no special abilities


You were on level 8 of the Dungeon.
You visited 2 branches of the dungeon, and saw 9 of its levels.

You collected 466 gold pieces.
You spent 104 gold pieces at shops.

Inventory:

Hand Weapons
 a - a +1 hand crossbow
 l - a +1 short sword of venom
 t - a +0 hunting sling
 v - a +2 antimagic short sword
 y - a +5 halberd (weapon)
Missiles
 d - 66 bolts
 e - 226 stones
 r - 8 poisoned darts
 G - 4 boomerangs (quivered)
 H - 8 sling bullets
Armour
 c - a scarf of resistance (worn)
 g - the +1 chain mail of Ukhloaj {rElec Dex+2}
   (You found it on level 7 of the Dungeon)

   Dex:       It affects your dexterity (+2).
   rElec:     It insulates you from electricity.
 u - a +0 kite shield
 D - a +0 chain mail of poison resistance (worn)
Jewellery
 m - a +6 ring of dexterity (left hand)
 o - an amulet of magic regeneration
 z - a ring of magical power
 E - an amulet of reflection (around neck)
 F - a ring of wizardry
Wands
 x - a wand of paralysis (10)
Scrolls
 f - 3 scrolls of enchant armour
 h - 2 scrolls of magic mapping
 i - a scroll of brand weapon
 k - 3 scrolls of teleportation
 s - 2 scrolls of amnesia
 w - a scroll of acquirement
 B - a scroll of fog
Potions
 b - 2 potions of berserk rage
 j - a potion of invisibility
 n - 3 potions of heal wounds
 p - 2 potions of curing
 q - a potion of cancellation {unknown}
 A - a potion of lignification {unknown}
 C - a potion of flight {unknown}


   Skills:
 + Level 9.7 Fighting
 + Level 3.2 Slings
 + Level 9.7 Crossbows
 + Level 9.3 Armour
 - Level 2.1 Dodging
 - Level 0.7 Stealth
 + Level 3.5 Shields


You had 8 spell levels left.
You didn't know any spells.
Your spell library contained the following spells:

 Spells                   Type           Power      Damage    Failure   Level
 Sandblast                Erth           0%         2d4       98%         1
 Summon Small Mammal      Summ           0%         N/A       98%         1
 Passwall                 Tmut/Erth      0%         N/A       99%         2
 Gell's Gravitas          Tloc           0%         N/A       100%        3
 Stone Arrow              Conj/Erth      0%         3d7       100%        3
 Teleport Other           Tloc           0%         N/A       100%        3
 Animate Armour           Summ/Erth      0%         N/A       100%        4
 Dispersal                Tloc           0%         N/A       100%        6
 Lehudib's Crystal Spear  Conj/Erth      0%         10d2      100%        8


Dungeon Overview and Level Annotations

Branches:
Dungeon (8/15)             Temple (1/1) D:5
   Lair: D:8-11

Altars:
Cheibriados
Dithmenos
Elyvilon
Fedhas
Gozag
Kikubaaqudgha
Makhleb
Nemelex Xobeh
Qazlal
Ru
Sif Muna
Trog
Uskayaw
Vehumet
Wu Jian
Xom
Yredelemnul
Zin
The Shining One

Shops:
D:3 (   D:7 ?   D:8 (


Innate Abilities, Weirdness & Mutations

You have a pair of horns on your head.
You reflexively headbutt those who attack you in melee.


Message History

The slime creature barely misses you.
You slice the slime creature!!
The slime creature is moderately wounded.
The slime creature hits you. The slime creature hits you!
The slime creature barely misses you. You block the slime creature's attack.
The slime creature barely misses you. The slime creature hits you!
The slime creature hits you. The slime creature hits you!
* * * LOW HITPOINT WARNING * * *
The orc priest shouts!
The slime creature hits you!
* * * LOW HITPOINT WARNING * * *
Two slime creatures merge to form a large slime creature.
Two slime creatures merge to form a very large slime creature.
A howler monkey comes into view.
The orc priest looks encouraged for a moment.
The howler monkey howls!
A howler monkey comes into view.
The howler monkey howls!
The howler monkey hoots and howls with incredible vigour! x2
The howler monkey barely misses you. x2
The howler monkey hits you.
* * * LOW HITPOINT WARNING * * *
You block the howler monkey's attack. The howler monkey hits you.
* * * LOW HITPOINT WARNING * * *
You block the howler monkey's attack. You block the howler monkey's attack.
The howler monkey hoots and howls with incredible vigour! x2
The howler monkey hits you but does no damage.
The howler monkey hoots and howls with incredible vigour!
You hear a loud, deep croak!
Items here: ) ? [ †.
The howler monkey hoots and howls with incredible vigour!
Things that are here:
a +0 trident; 15 gold pieces; an orc corpse The howler monkey hoots and howls with incredible vigour!
The orc priest looks satisfied for a moment.
The howler monkey hoots and howls with incredible vigour!
The orc priest mumbles some strange prayers to Beogh against you.
Beogh smites you!
You die...

#............ #............
#....<....... #..[...>.....
####.####.... ##+######## #...#
#######.......... ####.#.#
##.....+..........
###.Jo...###.......).........
#####...o......#@.h.J)h).........
.........##..........##o.........
.......######......######........
.....####..####..####..####......
...####......######......####....
...##..........##..........##....
...##..........##..........##....
#..##....##....##....##....##....
..J##....####..##....####..##....


You could see a very large slime creature, 2 howler monkeys and an orc priest.

Vanquished Creatures
  3 slime creatures (D:7)
  Sigmund (D:5)
  A yak (D:8)
  Menkaure (D:4)
  4 water moccasins
  An orc warrior (D:8)
  A sky beast (D:4)
  An ice beast (D:6)
  2 ogres
  3 black bears
  A centaur (D:8)
  A kobold brigand (D:8)
  2 bullfrogs
  A gnoll sergeant (D:4)
  A wyvern skeleton (D:7)
  2 scorpions
  A water moccasin skeleton (D:5)
  3 killer bees (D:7)
  5 wights
  A howler monkey (D:8)
  2 electric eels (D:6)
  3 centaur zombies
  2 bullfrog zombies
  A hound (D:4)
  An orc priest (D:2)
  3 jellies (D:7)
  A bullfrog skeleton (D:5)
  A centaur skeleton (D:6)
  An orc wizard (D:8)
  A hound skeleton (D:4)
  A howler monkey zombie (D:5)
  4 gnolls
  A howler monkey skeleton (D:7)
  7 adders
  A white imp (D:7)
  15 dart slugs
  11 orcs
  10 ball pythons
  5 bats
  11 endoplasms
  4 giant cockroaches
  4 goblins
  6 hobgoblins
  3 jackals (D:1)
  16 kobolds
  7 quokkas
  6 rats
164 creatures vanquished.

Vanquished Creatures (others)
  5 fungi
  21 plants
  10 toadstools
36 creatures vanquished.

Grand Total: 200 creatures vanquished

Notes
Turn   | Place    | Note
-------+----------+-------------------------------------------
     0 | D:1      | siradein the Minotaur Hunter began the quest for the Orb.
     0 | D:1      | Reached XP level 1. HP: 18/18 MP: 0/0
   447 | D:1      | Reached skill level 1 in Armour
   453 | D:1      | Reached XP level 2. HP: 25/25 MP: 1/1
   514 | D:1      | Found a faded altar of an unknown god.
   521 | D:1      | Got Plato's Catalogue of the Escort
   979 | D:2      | Reached XP level 3. HP: 27/31 MP: 2/2
  1520 | D:2      | Reached skill level 5 in Crossbows
  1677 | D:2      | Reached XP level 4. HP: 34/38 MP: 3/3
  2491 | D:3      | Found Mex Keh's Antique Weapon Emporium.
  3060 | D:3      | Reached XP level 5. HP: 40/46 MP: 4/4
  3214 | D:4      | Noticed Menkaure
  3225 | D:4      | Killed Menkaure
  3226 | D:4      | Reached skill level 5 in Fighting
  3226 | D:4      | Reached XP level 6. HP: 17/56 MP: 5/5
  3545 | D:4      | Found a sparkling altar of Nemelex Xobeh.
  3830 | D:4      | Found a bloodstained altar of Trog.
  4152 | D:5      | Entered Level 5 of the Dungeon
  4186 | D:5      | Noticed a sky beast
  4225 | D:4      | Killed a sky beast
  4226 | D:4      | Reached XP level 7. HP: 20/61 MP: 2/6
  4279 | D:5      | Reached skill level 5 in Armour
  4459 | D:5      | Noticed Sigmund
  4557 | D:5      | Killed Sigmund
  4637 | D:5      | Found a staircase to the Ecumenical Temple.
  4748 | Temple   | Entered the Ecumenical Temple
  5082 | D:5      | HP: 3/64 [poisoned by a water moccasin]
  5085 | D:5      | HP: 1/64 [poisoned by a water moccasin]
  5404 | D:4      | Identified a scroll of acquirement
  5446 | D:5      | Reached XP level 8. HP: 12/71 MP: 7/7
  6704 | D:6      | Found an ornate altar of the Wu Jian Council.
  6784 | D:6      | HP: 2/73 [electric eel/bolt of electricity (7)]
  7249 | D:6      | Found a radiant altar of Vehumet.
  7885 | D:6      | Found a burning altar of Makhleb.
  7969 | D:6      | HP: 2/62 [black bear (5)]
  7989 | D:6      | HP: 3/68 [dart slug (2)]
  9072 | D:6      | Found an ancient bone altar of Kikubaaqudgha.
  9164 | D:6      | Found a blossoming altar of Fedhas.
  9320 | D:6      | Found a sacrificial altar of Ru.
  9428 | D:6      | Reached XP level 9. HP: 82/82 MP: 8/8
  9958 | D:7      | HP: 3/82 [acid (7)]
 10266 | D:7      | Found Bueffued's Magic Scroll Shop.
 10312 | D:7      | Bought a scroll of identify for 22 gold pieces
 10312 | D:7      | Bought a scroll of magic mapping for 38 gold pieces
 10312 | D:7      | Bought a scroll of identify for 22 gold pieces
 10312 | D:7      | Bought a scroll of identify for 22 gold pieces
 10386 | D:7      | Identified the +1 chain mail of Ukhloaj {rElec Dex+2}
 10566 | D:7      | Found a shadowy altar of Dithmenos.
 10687 | D:7      | Reached skill level 1 in Shields
 10823 | D:7      | Found a basalt altar of Yredelemnul.
 10871 | D:7      | Reached skill level 1 in Slings
 11307 | D:8      | Found Ezidd's Weapon Shoppe.
 12876 | D:8      | HP: 4/85 [howler monkey (2)]
 12893 | D:8      | Killed from afar by an orc priest

Illustrated notes

Levels and vault maps discovered:
D:1:      ldierk_walled_garden_2, layout_basic,
          shapermc_ecumenical_altar_rom_forum, chequers_garden,
          minmay_split_cup_small
D:2:      wad_river_or_something, layout_loops_cross, serial_bayou,
          serial_bayou_pond_d, serial_bayou_shore_a, serial_bayou_lagoon_a,
          serial_bayou_crossing, st_stairs_11, serial_bayou_pond_e,
          kennysheep_generic_room_6
D:3:      cheibrodos_fertilizer, layout_basic, serial_shops, shop,
          nicolae_shop_crystal, hangedman_decor_growths, uniq_natasha
D:4:      layout_loops_ring, mainiacjoe_overflow_small_starburst,
          lemuel_tele_altar, minmay_misc_feat_iff, uniq_menkaure
D:5:      layout_basic, minmay_temple_entry_glass, uniq_sigmund
D:6:      kennysheep_slugbush, layout_loops_corners,
          mainiacjoe_overflow_cross_hatched, mainiacjoe_overflow_alcove_1,
          nicolae_overflow_hidden_temple, mainiacjoe_overflow_catch_the_wave,
          nicolae_vehumet_radiance
D:7:      layout_rooms, mainiacjoe_overflow_24_doors,
          lemuel_zombie_altar_yredelemnul, serial_shops,
          nicolae_shop_waterfront, minivault_26
D:8:      layout_gridville, worldfamousw_hep_ancestral_shrine, serial_shops,
          nicolae_square_shop, hellmonk_bongcloud_opening, nicolae_two_hexagons,
          kennysheep_small_circle
Temple:   jpeg_temple_island

Skill      XL: |  1  2  3  4  5  6  7  8  9 |
---------------+----------------------------+-----
Armour         | 1 2 3 4 6 8 9 |  9.3
Fighting       | 3 4 5 6 8 9 |  9.7
Crossbows      | 5 6 7 8 9 |  9.7
Shields        | 3 |  3.5
Slings         | 3 |  3.2
Dodging        | |  2.1
Stealth        | |  0.7

Action                   |  1- 3 |  4- 6 |  7- 9 || total
-------------------------+-------+-------+-------++-------
Melee: Short sword       |    39 |    19 |    80 ||   138
       Spear             |    71 |    82 |       ||   153
       Headbutt          |     8 |    19 |    60 ||    87
       Halberd           |       |       |   115 ||   115
 Fire: Hand crossbow     |       |    15 |    40 ||    55
       Hunting sling     |       |    17 |    82 ||    99
Throw: Boomerang         |       |       |     5 ||     5
  Use: Scroll            |       |       |    11 ||    11
       Potion            |       |       |     3 ||     3
 Stab: Sleeping          |       |     1 |       ||     1
Armor: Leather armour    |     9 |       |       ||     9
       Ring mail         |    26 |    31 |    38 ||    95
       Chain mail        |       |       |    58 ||    58
Dodge: Dodged            |    58 |    41 |   128 ||   227
Block: Kite shield       |       |     6 |       ||     6
       Other             |       |       |    25 ||    25
       Reflection        |       |       |     1 ||     1

Table legend: (Time is in decaauts)
 A = Elapsed time spent in this place.
 B = Non-inter-level travel time spent in this place.
 C = Inter-level travel time spent in this place.
 D = Time resting spent in this place.
 E = Time spent auto-exploring this place.
 F = Levels seen in this place.
 G = Mean time per level.
                   A        B        C        D        E       F      G
               +--------+--------+--------+--------+--------+-----+--------+
         Total |  13084 |  12928 |    156 |   3065 |   7420 |   9 | 1453.8 |
       Dungeon |  12741 |  12585 |    156 |   3065 |   7111 |   8 | 1592.6 |
        Temple |    342 |    342 |      0 |      0 |    309 |   1 |  342.0 |
               +--------+--------+--------+--------+--------+-----+--------+

Top non-repeatable levels by time:
     D:6: 2860 daAuts
     D:5: 2462 daAuts
     D:7: 1829 daAuts
     D:4: 1718 daAuts
     D:2: 1684 daAuts
     D:1: 974 daAuts
     D:8: 741 daAuts
     D:3: 470 daAuts
  Temple: 342 daAuts
